[Event "Sunway Sitges Chess Festival"]
[Date "2024.12.21"]
[White "Jaksland, Tim"]
[Black "Anand, Batsukh"]
[WhiteElo "2107"]
[BlackElo "2290"]
[Round "8.30"]
[Result "1-0"]
[TimeControl "40/5400+30:1800+30"]

1. d4 Nf6 2. Nc3 d5 3. Bf4 a6 4. e3 c5 5. dxc5 Nc6 6. a3 e5 7. Bg5 Be6 8. b4 Be7 9. Nf3 d4 10. exd4 exd4 11. Bxf6 gxf6 12. Ne2 Qd5 13. Nexd4 O-O-O 14. c3 Rhg8 15. Qc2 Bf8 16. Bd3 Bh6 17. Be4 Nxd4 18. Nxd4 Qc4 19. Qd3 Qxd3 20. Bxd3 Bd5 21. Rg1 Bxg2 22. Kd1 Bf4 23. Kc2 Bxh2 24. Rge1 h5 25. Re7 Bc7 26. b5 Rxd4 27. cxd4 axb5 28. Rxf7 Rh8 29. Re1 h4 30. Bf5+ Kb8 31. Ree7 Bf4 32. Rh7 Rd8 33. Be4 Bxe4+ 34. Rxe4 Bg5 35. Ree7 Rxd4 36. Rxb7+ Kc8 37. Ra7 Kb8 38. Raf7 Rc4+ 39. Kb3 Rxc5 40. Kb4 Rc2 41. Rf8+ Rc8 42. Rxc8+ Kxc8 43. Kxb5 Kd8 44. a4 Bd2 45. Rxh4 Ke7 46. a5 Bxa5 47. Kxa5 Ke6 48. Kb5 Kd5 49. f3 f5 50. Rc4 Ke5 51. f4+ Ke6 52. Kc6 Kf6 53. Kd5 Kg6 54. Ke5 Kh5 55. Kxf5 1-0

[Variant "Standard"]
[Site "Europe Echecs"]

[Event "Sunway Sitges Chess Festival"]
[Date "2024.12.21"]
[White "Patel, Zain"]
[Black "Ilkhomi, Jaloliddin"]
[WhiteElo "2099"]
[BlackElo "2278"]
[Round "8.31"]
[Result "0-1"]
[TimeControl "40/5400+30:1800+30"]

1. Nf3 Nf6 2. d4 e6 3. e3 b6 4. Bd3 Bb7 5. O-O c5 6. b3 Nc6 7. a3 d6 8. Bb2 Be7 9. Nbd2 O-O 10. Ne4 Nxe4 11. Bxe4 d5 12. Bd3 Rc8 13. dxc5 bxc5 14. c4 dxc4 15. Bxc4 Na5 16. Be2 Qxd1 17. Raxd1 Bd5 18. Nd2 Rfd8 19. e4 Bxb3 20. Nxb3 Nxb3 21. Ba6 Rxd1 22.
Rxd1 Rd8 23. Rxd8+ Bxd8 24. Bc3 Bf6 25. Bc4 Bxc3 26. Bxb3 g5 27. f3 Kg7 28.
Kf2 Kf6 29. Ke3 Ke5 30. g3 Bd4+ 31. Ke2 Bg1 32. Kf1 Bxh2 33. Kg2 Bxg3 34. Kxg3 h5 35. Kf2 Kd4 36. Ke2 h4 37. Ba4 c4 38. Be8 c3 39. Ba4 h3 40. Kf2 Kd3 41. Kg3 c2 42. Bxc2+ Kxc2 43. Kxh3 f5 0-1

[Variant "Standard"]
[Site "Europe Echecs"]

[Event "Sunway Sitges Chess Festival"]
[Date "2024.12.21"]
[White "Hong, Xing"]
[Black "Esplugas Esteve, Vicenc"]
[WhiteElo "2070"]
[BlackElo "2277"]
[Round "8.32"]
[Result "0-1"]
[TimeControl "40/5400+30:1800+30"]

1. e4 e6 2. c4 b6 3. Nc3 Bb7 4. Nf3 Bb4 5. Qc2 f5 6. exf5 Bxf3 7. gxf3 Nc6 8. fxe6 dxe6 9. Qe4 Qd7 10. Nd5 Nf6 11. Nxf6+ gxf6 12. Bh3 Kf7 13. O-O f5 14. Qh4 h5 15. d3 Ne5 16. Kh1 Rag8 17. d4 Nxf3 18. Qf4 Nxd4 19. Be3 Nc2 20. Qf3 Nxa1 21. Rd1 Bd6 22. Rxa1 Qe7 23. Bd4 Rh6 24. Re1 Rg4 25. Qe3 Bf4 26. Qf3 Qg5 27. Qc6 Qd8 28. Bc3 Rh4 29. Qf3 Rg6 30. b3 Qd6 31. b4 c6 32. Ba1 Bxh2 33. c5 bxc5 34. bxc5 Qc7 35. Bxf5 Bf4+ 36. Bh3 Rg3 37. Qxg3 Bxg3 38. Kg2 Bxf2 39. Bxe6+ Kg6 40. Be5 Qe7 41. Bd6 Bxe1 42. Bxe7 Re4 0-1

[Variant "Standard"]
[Site "Europe Echecs"]

[Event "Sunway Sitges Chess Festival"]
[Date "2024.12.21"]
[White "Van Zyl-Rudd, Jack"]
[Black "Pecci, William"]
[WhiteElo "2268"]
[BlackElo "2061"]
[Round "8.33"]
[Result "1-0"]
[TimeControl "40/5400+30:1800+30"]

1. c4 e6 2. Nf3 d5 3. g3 Nf6 4. Bg2 dxc4 5. Qa4+ c6 6. Qxc4 b5 7. Qb3 Bb7 8. O-O Nbd7 9. d4 Be7 10. Be3 O-O 11. Rc1 a6 12. Nbd2 Rc8 13. a4 Nd5 14. Ne4 h6 15. Ne5 N7b6 16. Nc5 Bxc5 17. dxc5 Nd7 18. Nxd7 Qxd7 19. Bd4 f6 20. e4 Nc7 21. Bc3 Qf7 22. Ba5 f5 23. Qe3 fxe4 24. Bxc7 Rxc7 25. Bxe4 b4 26. Rd1 a5 27. Rd6 Qf6 28. Rb1 Kh8 29. Bg2 Qf5 30. Rbd1 Qc2 31. b3 Rcf7 32. R6d2 Qf5 33. Be4 Qf6 34. Rd7 Rxd7 35. Rxd7 Qa1+ 36. Kg2 Ba6 37. Bd3 Bxd3 38. Rxd3 Qb2 39. Rd6 e5 40. Rxc6 Qc2 41. Re6 e4 42. Re7 Rf6 43. Re8+ Kh7 44. Qxe4+ Qxe4+ 45. Rxe4 Rc6 46.
Rc4 Kg6 47. f4 Kf5 48. Kf3 h5 49. h3 g6 50. g4+ hxg4+ 51. hxg4+ Kf6 52. Ke4 Ke6 53. f5+ gxf5+ 54. gxf5+ Kf6 55. Kd5 1-0

[Variant "Standard"]
[Site "Europe Echecs"]

[Event "Sunway Sitges Chess Festival"]
[Date "2024.12.21"]
[White "Pniaczek, Marek"]
[Black "Makkar, Rajat"]
[WhiteElo "2132"]
[BlackElo "2433"]
[Round "8.34"]
[Result "1-0"]
[TimeControl "40/5400+30:1800+30"]

1. e4 e5 2. Nf3 Nc6 3. Nc3 Nf6 4. Bb5 Bb4 5. O-O O-O 6. Bxc6 bxc6 7. Nxe5 Bxc3 8. dxc3 Nxe4 9. Re1 d5 10. f3 Qf6 11. Qd4 Re8 12. Nd3 Qxd4+ 13. cxd4 Nd6 14. Rxe8+ Nxe8 15. a4 f6 16. Ra3 Nd6 17. g4 a5 18. Rc3 Ra6 19. b3 Kf7 20. Bd2 h5 21. h3 hxg4 22. hxg4 g5 23. Rc5 Nb7 24. Rc3 Nd6 25. Kg2 Kg7 26. Rc5 Nb7 27. Rc3 Nd6 28. Nc5 Ra8 29. Re3 Kf7 30. Re1 Nb7 31. Nd3 Bd7 32. Rh1 Kg7 33. Re1 Kf7 34. Kg3 Be6 35. Rh1 Kg7 36. Rh2 Nd6 37. Re2 Kf7 38. Nc5 Bc8 39. Rh2 Kg7 40. Re2 Kf7 41. Rh2 Kg7 42. f4 gxf4+ 43. Bxf4 Kg8 44. Kf3 Kg7 45. Bh6+ Kg6 46. Bd2 Kg7 47. Bf4 Kg6 48. Kg3 Kg7 49. Rh1 Kg8 50. Rh5 Kg7 51. Rh4 Kg8 52. Kf3 Kg7 53. Rh2 Kg6 54. Re2 Kf7 55. Bh6 Kg6 56. Bd2 Kf7 57. Bf4 Rb8 58. Bd2 Ra8 59. Be1 Ra7 60. Bh4 Ra8 61. Kg3 Ba6 62. Re6 Rg8 63. Rxf6+ Kg7 64. Rxd6 cxd6 65. Nxa6 Kf7 66. b4 Ra8 67. Nc7 Ra7 68. bxa5 Rxc7 69. Bd8 Rb7 70. Bb6 Kg6 71. Kf4 Rb8 72. Ke3 Kg5 73. Kd3 Kxg4 74. c4 Kf5 75. cxd5 cxd5 76. Kc3 Ke6 77. Kb4 Kd7 78. Kb5 Ra8 79. a6 Rb8 80. a7 Ra8 81. a5 Rc8 82. a6 Ra8 83. Ba5 1-0

[Variant "Standard"]
[Site "Europe Echecs"]

[Event "Sunway Sitges Chess Festival"]
[Date "2024.12.21"]
[White "Lopez Garcia, Miguel Angel"]
[Black "Filgueiras, Nathan Felipe"]
[WhiteElo "2127"]
[BlackElo "2328"]
[Round "8.35"]
[Result "1/2-1/2"]
[TimeControl "40/5400+30:1800+30"]

1. e4 c5 2. Nf3 Nc6 3. d4 cxd4 4. Nxd4 e5 5. Nb5 d6 6. N1c3 a6 7. Na3 Be7 8. Nc4 b5 9. Ne3 Nf6 10. Bd3 O-O 11. O-O Nb4 12. Be2 Be6 13. Ncd5 Nbxd5 14. exd5 Bd7 15. c4 Ne8 16. cxb5 axb5 17. Nc2 f5 18. f4 Bf6 19. Kh1 Kh8 20. Nb4 exf4 21. Bxf4 Bxb2 22. Rb1 Be5 23. Qd2 Nf6 24. Bf3 Ra4 25. Rfc1 Re8 26. Bxe5 dxe5 27. Qb2 e4 28. Be2 Qa8 29. Rc7 Rxb4 30. Qxb4 Nxd5 31. Qd6 Nxc7 32. Qxd7 Qxa2 33. Re1 Qc2 34.
Qxf5 Qc6 35. Rb1 Qf6 36. Qd7 Qe7 37.
Bxb5 Qxd7 38. Bxd7 Rd8 39. Kg1 Nd5 40. Bc6 Nc3 41. Rb3 e3 42. Bf3 Rc8 43. Kf1 h6 44. Rb6 Re8 45. Rb3 Rc8 46. Rb6 e2+ 47. Bxe2 Nxe2 48. Kxe2 Rc2+ 49. Kf3 Rc3+ 50. Kf2 Rc2+ 51. Kf3 Rc3+ 52. Ke4 1/2-1/2

[Variant "Standard"]
[Site "Europe Echecs"]

[Event "Sunway Sitges Chess Festival"]
[Date "2024.12.21"]
[White "Charvein, Gabriel"]
[Black "Lacasa Diaz, Josep Anton"]
[WhiteElo "2119"]
[BlackElo "2324"]
[Round "8.36"]
[Result "0-1"]
[TimeControl "40/5400+30:1800+30"]

1. e4 c5 2. d4 cxd4 3. c3 d3 4. Bxd3 Nc6 5. c4 g6 6. Nf3 Bg7 7. O-O d6 8. h3 Nf6 9. Nc3 O-O 10. Be3 Nd7 11. Rc1 Nc5 12. Bb1 a5 13. b3 b6 14. Qd2 Bb7 15. Rfd1 Re8 16. Nd5 Rb8 17. Nd4 Nxd4 18. Bxd4 Bxd4 19. Qxd4 Bxd5 20. Qxd5 Qc7 21. h4 Nd7 22. Qd2 Nf6 23. g3 Qc5 24. Kg2 Rec8 25. Re1 h5 26. f3 Kg7 27. e5 dxe5 28. Qg5 Rd8 29. Rxe5 Qb4 30. Re2 Rd7 31. Rce1 Rbd8 32. Kh3 a4 33. Re3 axb3 34. axb3 Rc7 35. f4 Rd4 36. Qe5 Qd6 37. Qxd6 exd6 38. Rd3 Rxd3 39. Bxd3 Ra7 40. Kg2 Ra3 41. Bc2 Ra2 42. Rc1 Ng4 43. Kf3 f5 44. Ke2 Nf6 45. Ke3 Kf7 46. Kd4 Ke6 47. Re1+ Kd7 48. Kc3 d5 49. Rd1 Kc6 50. b4 dxc4 51. Bb1 Ra3+ 52. Kxc4 Rxg3 53. b5+ Kc7 54. Kd4 Nd7 55. Kd5 Rg4 56. Ke6 Nc5+ 57. Kf7 Rxh4 58. Kxg6 Rxf4 59. Bxf5 h4 60. Kg5 Rb4 61. Rh1 Ne4+ 62. Kg6 Nd6 63. Rc1+ Kd8 64. Rd1 Kc7 65. Rc1+ Kb8 66. Bd7 Nxb5 67. Kg5 Nd6 68. Be6 b5 69. Bd7 Rc4 70. Rxc4 bxc4 71. Kxh4 Kc7 72. Ba4 Kb6 73. Kg3 Ka5 74. Bc2 Kb4 75. Kf2 Kc3 76. Bh7 Kd2 77. Kf3 0-1

[Variant "Standard"]
[Site "Europe Echecs"]

[Event "Sunway Sitges Chess Festival"]
[Date "2024.12.21"]
[White "Koskinen, Henri"]
[Black "Domingo Nunez, Alejandro"]
[WhiteElo "2118"]
[BlackElo "2318"]
[Round "8.37"]
[Result "0-1"]
[TimeControl "40/5400+30:1800+30"]

1. c4 g6 2. g3 Bg7 3. Bg2 c5 4. Nf3 Nc6 5. O-O Nh6 6. Nc3 Nf5 7. a3 O-O 8. Rb1 e6 9. b4 d6 10. e3 b6 11. Ne2 Bb7 12. Bb2 Bxb2 13. Rxb2 Rc8 14. Qb3 Qf6 15. d3 Rfd8 16. Qc3 Qe7 17. Rd1 Ba8 18. Qb3 Qf6 19. Qc3 Qe7 20. Qb3 Rd7 21. Rbd2 Qf6 22. Qc3 Qxc3 23. Nxc3 cxb4 24. Ne4 Kg7 25. axb4 Nxb4 26. Ne1 d5 27. cxd5 Bxd5 28. d4 a5 29. Nd3 Nxd3 30. Rxd3 Bxe4 31. Bxe4 Nd6 32. Bf3 b5 33. Rb1 b4 34. d5 e5 35.
Rdb3 Rdc7 36. Kg2 e4 37. Be2 Rc1 38. f3 Rxb1 39. Rxb1 Rc2 40. Kf1 exf3 41. Bxf3 Kf6 0-1

[Variant "Standard"]
[Site "Europe Echecs"]

[Event "Sunway Sitges Chess Festival"]
[Date "2024.12.21"]
[White "Svensen, Tarjei Joten"]
[Black "Boricha Yohan"]
[WhiteElo "1991"]
[BlackElo "1888"]
[Round "8.38"]
[Result "0-1"]
[TimeControl "40/5400+30:1800+30"]

1. d4 d5 2. c4 e6 3. Nc3 Nf6 4. Nf3 Nbd7 5. cxd5 exd5 6. Bf4 Bb4 7. Qb3 c5 8. dxc5 Qa5 9. a3 Bxc3+ 10. Qxc3 Qxc3+ 11. bxc3 Nxc5 12. Be5 Be6 13. e3 O-O 14. Be2 Nfe4 15. Rb1 Rac8 16. O-O b6 17. Bb5 a6 18. Be2 b5 19. Bd4 Na4 20. Bd3 Nexc3 21. Rb3 Ne4 22. Rb4 Nd6 23. Be5 Nc4 24. Ba1 Nc5 25. Bxc4 dxc4 26. Bc3 Rb8 27. Nd4 Ne4 28. Rc1 Nxc3 29. Rxc3 Bd7 30. Rb1 Rfc8 31. Kf1 a5 32. Rbc1 f6 33. a4 b4 34. Rxc4 Rxc4 35. Rxc4 b3 36. Rc1 Bxa4 37. Ke1 Be8 38. Kd2 Bg6 39. Nc6 Rb5 40. Ne7+ Kf7 41. Nxg6 Kxg6 42. Rb1 a4 43. Kc3 Rc5+ 44. Kb4 Rc2 45. Kxa4 Rxf2 46. Kxb3 Rxg2 47. Kc3 Rxh2 48. Kd3 h5 49. Rg1+ Kh6 50. Ke4 Rf2 51. Kd5 g5 52. Ke6 Kg6 0-1

[Variant "Standard"]
[Site "Europe Echecs"]

[Event "Sunway Sitges Chess Festival"]
[Date "2024.12.21"]
[White "De Seroux, Camille"]
[Black "Stevens, Christian"]
[WhiteElo "2126"]
[BlackElo "1945"]
[Round "8.40"]
[Result "0-1"]
[TimeControl "40/5400+30:1800+30"]

1. e4 c5 2. Nc3 Nc6 3. f4 e6 4. Nf3 a6 5. a4 d6 6. Bc4 Qc7 7. d3 g6 8. O-O Bg7 9. Qe1 Nge7 10. Qh4 Bd7 11. Ng5 Nd4 12. f5 gxf5 13. Qh5 Rf8 14. Qxh7 Be5 15. Qh5 O-O-O 16. h3 Be8 17. Qd1 Bc6 18. Ne2 d5 19. exd5 Nxd5 20. c3 Nxe2+ 21. Qxe2 Rg8 22. Nf3 Bd6 23. d4 Rg3 24. Rf2 Rdg8 25. Kh1 Nf6 26. dxc5 Bxc5 27. Ne5 Bxf2 28. Qxf2 Rxg2 0-1

[Variant "Standard"]
[Site "Europe Echecs"]

[Event "Sunway Sitges Chess Festival"]
[Date "2024.12.21"]
[White "Schulman, Julia"]
[Black "Rana, Oliver"]
[WhiteElo "1852"]
[BlackElo "1911"]
[Round "8.41"]
[Result "1/2-1/2"]
[TimeControl "40/5400+30:1800+30"]

1. e4 c6 2. d4 d5 3. e5 g6 4. Nf3 Bg7 5. Bd3 Nh6 6. c3 O-O 7. O-O f6 8. exf6 exf6 9. Re1 Re8 10. Rxe8+ Qxe8 11. h3 Bf5 12. Bxh6 Bxd3 13. Bxg7 Be2 14. Qe1 Kxg7 15. Nbd2 Nd7 16. a4 Bxf3 17. Nxf3 Qxe1+ 18. Rxe1 Kf7 19. Kf1 a5 20. b3 Ra6 21. Rb1 Rb6 22. Nd2 c5 23. dxc5 Nxc5 24. f3 Rc6 25. Rd1 Rb6 26. Rb1 Rc6 27. Rd1 Rb6 28. Rb1 Rc6 29. Rd1 1/2-1/2

[Variant "Standard"]
[Site "Europe Echecs"]

[Event "Sunway Sitges Chess Festival"]
[Date "2024.12.21"]
[White "Guez, Fabien"]
[Black "Sayce, Hannah"]
[WhiteElo "1968"]
[BlackElo "1821"]
[Round "8.42"]
[Result "0-1"]
[TimeControl "40/5400+30:1800+30"]

1. e4 c5 2. Nf3 d6 3. Bb5+ Nd7 4. d4 cxd4 5. Qxd4 Nf6 6. O-O a6 7. Bxd7+ Bxd7 8. c4 Bc6 9. Nc3 e6 10. Bg5 Be7 11. Rad1 Qa5 12. Rfe1 O-O 13. Rd2 Rfd8 14. Nd5 Bxd5 15. exd5 e5 16. Qd3 h6 17. Bxf6 Bxf6 18. a3 Rac8 19. b4 Qa4 20. Rc2 Qd7 21. Nd2 Be7 22. Nb3 b5 23. cxb5 Rxc2 24. Qxc2 Rc8 25. Qd3 axb5 26. Na5 Bg5 27. Nc6 Qb7 28. g3 g6 29.
f4 exf4 30. gxf4 Bh4 31. Re2 Qd7 32. Qe3 Qg4+ 33. Kh1 Qf5 34. Qe4 Qh3 35. Rg2 Kg7 36. f5 Bg5 37. fxg6 fxg6 38. Qd4+ Bf6 39. Qe4 Bg5 40. Qd4+ Kh7 41. Rf2 Qd7 42. Qd3 Qe8 43. Qf3 Kg7 44. Kg2 h5 45. Nd4 Kh6 46. Ne6 Rc4 47. h3 Bc1 48. Qf6 Qg8 49. Qe7 Qh8 50. Rf6 Bb2 51. Rxg6+ Kxg6 52. Qg5+ Kf7 53. Qf5+ Ke7 54. Ng5 Qg8 55. Kh1 Be5 0-1

[Variant "Standard"]
[Site "Europe Echecs"]

[Event "Sunway Sitges Chess Festival"]
[Date "2024.12.21"]
[White "Rivlin, Shachar"]
[Black "Koridze, Lile"]
[WhiteElo "2057"]
[BlackElo "2107"]
[Round "8.43"]
[Result "1/2-1/2"]
[TimeControl "40/5400+30:1800+30"]

1. d4 Nf6 2. c4 e6 3. Nf3 d5 4. Nc3 Bb4 5. Bg5 h6 6. Bxf6 Qxf6 7. cxd5 exd5 8. Qa4+ Nc6 9. e3 O-O 10. Be2 Be6 11. O-O a6 12. Rfc1 Bd6 13. Qd1 Ne7 14. a3 b6 15. b4 Rfc8 16. Qf1 b5 17. Nb1 c5 18. bxc5 Bxc5 19. Nbd2 Bd6 20. a4 bxa4 21. Rxa4 a5 22. Nb3 Bb4 23. Ne5 Bf5 24. Bd3 Rxc1 25. Qxc1 Rc8 26. Qd1 Qb6 27. g3 Be6 28. Be2 Rc3 29. Nd3 Bf5 30. Ra1 Nc6 31. Nbc5 Bxc5 32. Nxc5 Qb4 33. Bf3 Bc2 34. Qf1 Nxd4 35. exd4 Qxd4 36. Rxa5 Rxf3 37. Qe2 Qd1+ 38. Qxd1 Bxd1 39. Nd7 g6 40.
Rxd5 Bb3 41. Re5 Rd3 42. Nf6+ Kg7 43.
Ne8+ Kf8 44. Nf6 Rd1+ 45. Kg2 Be6 46. h3 Ke7 47. Ne4 Re1 48. f3 Re2+ 49. Kf1 Rc2 50. g4 Kf8 1/2-1/2

[Variant "Standard"]
[Site "Europe Echecs"]

[Event "Sunway Sitges Chess Festival"]
[Date "2024.12.21"]
[White "Gavrilescu, David"]
[Black "Moussard, Jules"]
[WhiteElo "2549"]
[BlackElo "2649"]
[Round "9.1"]
[Result "1/2-1/2"]
[TimeControl "40/5400+30:1800+30"]

1. e4 e6 2. d4 d5 3. Nc3 Bb4 4. exd5 exd5 5. Bd3 Ne7 6. Ne2 Bf5 7. O-O O-O 8. a3 Bxc3 9. Nxc3 Bxd3 10. Qxd3 Nbc6 11. Ne2 Qd7 12. c3 Na5 13. Bf4 Ng6 14. Bg3 Rae8 15. Rae1 Nc4 16. b3 Nd6 17. a4 Re6 18. Nf4 Nxf4 19. Bxf4 Rfe8 20. Re5 c6 21. Rfe1 Rxe5 22. Rxe5 f6 23. Rxe8+ Nxe8 24. Kf1 g6 25. h3 Kf7 26. Bb8 b5 27. Bf4 Ng7 28. a5 Ne6 29. Qe3 a6 30. b4 h5 31. Bg3 g5 32. h4 gxh4 33. Bxh4 Ng7 34. Qg3 Qf5 35. Qc7+ Kg6 36. Kg1 Qg4 37. Bg3 h4 38. Bd6 Qe6 39. Qe7 Qe4 40. Qd7 Nf5 41. Kh2 Qe2 42. Qd8 Qxf2 43. Qg8+ Ng7 44. Bf8 Qg3+ 45. Kh1 Qe1+ 46. Kh2 Qg3+ 47. Kh1 Qe1+ 48. Kh2 Qg3+ 1/2-1/2

[Variant "Standard"]
[Site "Europe Echecs"]

[Event "Sunway Sitges Chess Festival"]
[Date "2024.12.21"]
[White "Vetokhin, Savva"]
[Black "Maurizzi, Marc`Andria"]
[WhiteElo "2502"]
[BlackElo "2477"]
[Round "9.2"]
[Result "1-0"]
[TimeControl "40/5400+30:1800+30"]

1. d4 d5 2. c4 e6 3. Nc3 c5 4. cxd5 cxd4 5. Qa4+ Bd7 6. Qxd4 exd5 7. Qxd5 Nf6 8. Qd1 Bc5 9. Nf3 O-O 10. e3 Qe7 11. Be2 Nc6 12. O-O Ne5 13. Nd4 Nc6 14. Nf3 Ne5 15. Qc2 Rac8 16. a3 Rfe8 17. Rd1 Neg4 18. h3 Nxf2 19. Kxf2 Bxe3+ 20. Kf1 Bb6 21. Bg5 Bc6 22. Qf5 Nh5 23. Qg4 Bxf3 24. gxf3 Qc5 25. Qg2 Qe5 26. Rd5 Ng3+ 27. Ke1 Qe6 28. Rd2 Rxc3 29. Qxg3 Rd3 30. Qg4 Ba5 31. b4 Qe5 32. Rad1 Rxd2 33. Rxd2 Qa1+ 34. Rd1 Qb2 35. Qc4 Bb6 36. Qb5 Re5 37. Qd3 h6 38. Bd2 Re8 39. Kf1 Re6 40. Qc3 Rg6 41. Qc8+ Kh7 42. Bd3 Qd4 43. Bxg6+ fxg6 44. Ke2 Qe5+ 45. Kd3 Qd5+ 46. Kc3 1-0

[Variant "Standard"]
[Site "Europe Echecs"]

[Event "Sunway Sitges Chess Festival"]
[Date "2024.12.21"]
[White "Li, Di"]
[Black "Gorshtein, Ido"]
[WhiteElo "2440"]
[BlackElo "2422"]
[Round "9.3"]
[Result "1/2-1/2"]
[TimeControl "40/5400+30:1800+30"]

1. Nf3 c5 2. e4 d6 3. Bb5+ Nd7 4. d4 cxd4 5. Qxd4 a6 6. Bxd7+ Bxd7 7. Nc3 Nf6 8. Bg5 e6 9. O-O-O Be7 10. Bxf6 gxf6 11. Qd3 O-O 12. h4 Kh8 13. g4 Rg8 14. g5 Bc6 15. Kb1 Qa5 16. Qe3 f5 17. exf5 Qxf5 18. Nd4 Qc5 19. Rhe1 Bf8 20. Nce2 e5 21. Nxc6 Qxe3 22. fxe3 bxc6 23. Rf1 Ra7 24. c4 h6 25. Rf5 hxg5 26. hxg5 Kg7 27. Ng3 Be7 28. c5 d5 29. Rxe5 Kf8 30. Nf5 Bxg5 31. Rg1 Bf6 32. Rxg8+ Kxg8 33. Re8+ Kh7 34. Kc2 Kg6 35. Nd6 Re7 36. Rg8+ Kh7 37. Re8 Kg6 38. Rc8 Rxe3 39. Rxc6 Kg5 40. Rxa6 Rh3 41. Nxf7+ Kf5 42. Nd6+ Kf4 43. Nc4 Rh2+ 44. Nd2 Bxb2 45. Rd6 Ke5 46. Rd8 Bd4 47. Re8+ Kf6 48. c6 Bb6 49. Ra8 Ke7 50. Kd3 Rh3+ 51. Kc2 Kd6 52. Rf8 Kxc6 53. Nf3 Bc5 54. Rf6+ Kc7 1/2-1/2

[Variant "Standard"]
[Site "Europe Echecs"]

[Event "Sunway Sitges Chess Festival"]
[Date "2024.12.21"]
[White "Girel, Joseph"]
[Black "Tin, Jingyao"]
[WhiteElo "2494"]
[BlackElo "2480"]
[Round "9.4"]
[Result "0-1"]
[TimeControl "40/5400+30:1800+30"]

1. e4 e5 2. Nf3 Nc6 3. Bb5 a6 4. Ba4 d6 5. O-O Bd7 6. c3 Nge7 7. d4 Ng6 8. Be3 Be7 9. Nbd2 O-O 10. Bc2 exd4 11. cxd4 d5 12. Re1 dxe4 13. Nxe4 Bg4 14. Nc5 Nh4 15. Be4 Bxc5 16. dxc5 Qf6 17. Qd5 Bxf3 18. gxf3 h6 19. f4 Rfe8 20. Rad1 Re7 21. h3 Rae8 22. Bb1 Qxb2 23. Kh1 Qf6 24. Rg1 Kf8 25. Qh5 Rd8 26. Rxd8+ Nxd8 27. Qd5 Qc6 28. Qxc6 Nxc6 29. Rg4 Nf3 30. f5 Rd7 31. Be4 Rd1+ 32. Kg2 Nfe5 33. Rh4 f6 34. Bc2 Ra1 35. Bb3 Rg1+ 36. Kxg1 Nf3+ 37. Kf1 Nxh4 38. Be6 Ne7 39. c6 Nxc6 40. Bc8 b6 41. Bf4 Ne7 42. Bb7 c6 43. a4 Nhxf5 44. Bxa6 Nd5 45. Bd2 Ke7 46. a5 bxa5 47. Bxa5 Nd6 48. Bd2 c5 49. Bd3 c4 50. Bb1 Ke6 51. Ke2 Ke5 0-1

[Variant "Standard"]
[Site "Europe Echecs"]

[Event "Sunway Sitges Chess Festival"]
[Date "2024.12.21"]
[White "Siddharth, Jagadeesh"]
[Black "Dudognon, Thibault"]
[WhiteElo "2510"]
[BlackElo "2411"]
[Round "9.5"]
[Result "1/2-1/2"]
[TimeControl "40/5400+30:1800+30"]

1. e4 c5 2. Nf3 d6 3. d4 cxd4 4. Nxd4 Nc6 5. c4 Nf6 6. Nc3 Nxd4 7. Qxd4 g6 8. Be2 Bg7 9. Be3 O-O 10. Qd3 Bd7 11. O-O a5 12. b3 Bc6 13. Rad1 Nd7 14. f4 b6 15. Bd4 Nc5 16. Qe3 Bxd4 17. Rxd4 Qe8 18. f5 f6 19. Nd5 Bxd5 20. exd5 g5 21. h4 h6 22. Rf3 Qf7 23. Rg3 Qh7 24. Rf4 Kh8 25. Rff3 Qg7 26. Rf1 Nd7 27. Kf2 Ne5 28. Qxb6 a4 29. Kg1 axb3 30. axb3 Rfb8 31. Qd4 Ra3 32. Rb1 Qh7 33. Qe4 gxh4 34. Qxh4 Rg8 35. Rxg8+ Kxg8 36. Qg3+ Kf8 37.
Qf4 Qg7 38. Rb2 Ra1+ 39. Kf2 h5 40. b4 Qh7 41. c5 Ng4+ 42. Bxg4 hxg4 43. cxd6 Qh4+ 44. Ke3 Qe1+ 45. Kd4 Rc1 46. dxe7+ Ke8 47. Rd2 Rc8 48. d6 Kd7 49. b5 g3 50. Kd3 Qb1+ 51. Ke2 Qxb5+ 52. Rd3 Qb2+ 53. Rd2 Qb5+ 54. Rd3 Qb2+ 1/2-1/2

[Variant "Standard"]
[Site "Europe Echecs"]

[Event "Sunway Sitges Chess Festival"]
[Date "2024.12.21"]
[White "Isanzhulov, Arystan"]
[Black "Gholami Orimi, Mahdi"]
[WhiteElo "2395"]
[BlackElo "2402"]
[Round "9.6"]
[Result "0-1"]
[TimeControl "40/5400+30:1800+30"]

1. e4 c5 2. Nf3 Nc6 3. Bb5 e6 4. Bxc6 bxc6 5. d3 d5 6. Qe2 Ne7 7. b3 Ng6 8. h4 Qc7 9. Bb2 c4 10. dxc4 dxc4 11. g3 Ba6 12. Nbd2 Qa5 13. c3 cxb3 14. Nc4 Qc5 15. axb3 Bxc4 16. Qxc4 Qxc4 17. bxc4 Bd6 18. Ba3 Bxa3 19. Rxa3 O-O 20. h5 Ne7 21. Ke2 Rfb8 22. Rd1 Rb7 23. Ne5 f6 24. Nd3 e5 25. Nc5 Rc7 26. Ne6 Rb7 27. Ra5 g6 28. hxg6 hxg6 29. Rd6 a6 30. Nc5 Rb2+ 31. Ke3 Rc2 32. Ra3 f5 33. Re6 Kf7 34. Rxe5 a5 35. f3 Rg2 36. Ra1 Ra7 37. Rh1 Kg8 38. Re6 a4 39. Rd6 fxe4 40. Rd8+ Kg7 41. Rdh8 exf3 42. Kxf3 Rc2 43. Kg4 Re2 44. Nd3 Re3 45. Nf4 Kf6 46. R1h7 Ke5 47. c5 g5 48. Re8 gxf4 49. Rexe7+ Rxe7 50. Rxe7+ Kf6 51. Ra7 fxg3 52. Kh3 Ke5 53. Rxa4 Kd5 54. Rg4 Kxc5 55. c4 Kb4 56. Kg2 c5 57. Kf1 Kc3 58. Kg1 Kd3 59. Kg2 Re4 60. Rxg3+ Kxc4 61. Kf2 Kd4 62. Rg7 c4 63. Rc7 Kd3 64. Kf3 Re8 65. Kf2 c3 66. Kf1 Kd2 67. Kf2 Rf8+ 68. Kg2 c2 69. Rd7+ Kc1 70. Rb7 Rd8 71. Kf2 Kd1 0-1

[Variant "Standard"]
[Site "Europe Echecs"]

[Event "Sunway Sitges Chess Festival"]
[Date "2024.12.21"]
[White "Ilamparthi A R"]
[Black "Hess, Max"]
[WhiteElo "2391"]
[BlackElo "2385"]
[Round "9.7"]
[Result "1-0"]
[TimeControl "40/5400+30:1800+30"]

1. e4 c6 2. d4 d5 3. e5 Bf5 4. Nf3 e6 5. Be2 c5 6. c3 Nc6 7. O-O Bg4 8. Nbd2 cxd4 9. Nxd4 Bxe2 10. Qxe2 Nxd4 11. cxd4 Ne7 12. Nf3 Nc6 13. Bd2 Qb6 14. a3 Be7 15. Bc3 Qa6 16. Qe3 O-O 17. Nd2 Kh8 18. f4 f5 19. exf6 Bxf6 20. Nf3 Rae8 21. Rae1 Qa4 22. Qd3 Qc4 23. Qd2 a5 24. Re3 Qa4 25. Rfe1 b5 26. Qd3 b4 27. Bd2 Rb8 28. Rc1 Nd8 29. Rc7 bxa3 30. Qxa3 Qxa3 31. bxa3 Rb1+ 32. Re1 Rxe1+ 33. Bxe1 a4 34. Bb4 Rg8 35. g4 g6 36. g5 Bg7 37. Ne5 Bf8 38. Bc5 Bg7 39. Kf2 Bf8 40. Ke3 Bg7 41. h4 1-0

[Variant "Standard"]
[Site "Europe Echecs"]

[Event "Sunway Sitges Chess Festival"]
[Date "2024.12.21"]
[White "Anwesh, Upadhyaya"]
[Black "Lopez Martinez, Josep Manuel"]
[WhiteElo "2379"]
[BlackElo "2455"]
[Round "9.8"]
[Result "1/2-1/2"]
[TimeControl "40/5400+30:1800+30"]

1. d4 d5 2. Nf3 Nf6 3. c4 e6 4. g3 Be7 5. Bg2 O-O 6. O-O dxc4 7. Qc2 a6 8. Qxc4 b5 9. Qc2 Bb7 10. Bd2 Be4 11. Qc1 Bb7 12. Bf4 Bd6 13. Nbd2 Nbd7 14. Nb3 Bd5 15. Rd1 Qe7 16. Ne5 Bxg2 17. Kxg2 Nd5 18. Na5 Nxf4+ 19. gxf4 Nb6 20. Kh1 Qh4 21. Nd3 Nc4 22. Nc6 Qh5 23. f3 f6 24. b3 Nb6 25. Rf1 f5 26. Qd2 Kh8 27. e3 Qe8 28. Rac1 Nd5 29. Rg1 a5 30. Rg3 b4 31. Nce5 Rf6 32. Rcg1 Bf8 33. Nc5 Rd8 34. Qf2 Rh6 35. Rg5 g6 36. Qe2 Bxc5 37. dxc5 Nc3 38. Qa6 Nd1 39. Qe2 Nc3 40. Qa6 Nd1 41. Qe2 Nc3 1/2-1/2

[Variant "Standard"]
[Site "Europe Echecs"]

[Event "Sunway Sitges Chess Festival"]
[Date "2024.12.21"]
[White "Tan, Jun Ying"]
[Black "Alekseenko, Kirill"]
[WhiteElo "2357"]
[BlackElo "2673"]
[Round "9.9"]
[Result "0-1"]
[TimeControl "40/5400+30:1800+30"]

1. d4 e6 2. c4 Nf6 3. Nc3 Bb4 4. e3 d5 5. Bd2 O-O 6. Nf3 b6 7. cxd5 exd5 8. Rc1 Bd6 9. Nb5 c5 10. Nxd6 Qxd6 11. b3 Ne4 12. Be2 Nc6 13. O-O Bb7 14. Qc2 Rae8 15. Bc3 Re6 16. Qb2 Rfe8 17. dxc5 bxc5 18. Bxg7 Rg6 19. Nh4 d4 20. Nxg6 Qxg6 21. f3 Ng5 22. Bxd4 cxd4 23. exd4 Ne6 24. Kh1 Ncxd4 25. Rf2 Nf5 26. Bb5 Re7 27. Bc6 Bxc6 28. Rxc6 Re8 29. Re2 Rd8 30. Rd2 Re8 31. Re2 Qh5 32. Re5 Rd8 33. Rc1 Qg6 34. Re4 h5 35. Rce1 Qg5 36. Qf2 a6 37. b4 Rd2 38. R4e2 Rd3 39. Re5 Qg6 40. R5e4 Kh7 41. Qe2 Rd6 42. Qf2 Rc6 43. Qd2 Nfd4 44. Rc1 Rd6 45. Qf2 Nf5 46. Rce1 h4 47. Rg4 Qf6 48. h3 Nf8 49. a4 Ng6 50. Qc5 Rd2 51. Qc7 Ng3+ 52. Kg1 Re2 53. Rxe2 Qa1+ 54. Kf2 Qf1+ 55. Ke3 Qxe2+ 56. Kd4 Nf5+ 57. Kc3 Qe3+ 58.
Kb2 Ne5 59. Qc2 Nd3+ 60. Ka2 Nd4 61.
Rxh4+ Kg7 62. Rg4+ Kh6 63. Rh4+ Kg5 64. Rg4+ Kh5 65. Qc3 Nc1+ 66. Kb2 Qf2+ 67. Kxc1 Ne2+ 68. Kb2 Nxc3+ 69. Kxc3 f5 70. Rd4 Qxg2 71. f4 Qa2 72. a5 Qe2 73. Rc4 Qe3+ 74. Kc2 Qxh3 75. Rd4 Qe3 76. Rc4 Kg4 77. Kb2 Qd3 78. Rc3 Qd2+ 79. Kb3 Kxf4 80. Rc4+ Ke3 81. Rc3+ Kd4 82. Rc4+ Kd3 83. Rc5 Qd1+ 84. Kb2 Qe2+ 85. Ka3 f4 86. b5 Qe7 0-1

[Variant "Standard"]
[Site "Europe Echecs"]